cohdb
Replays
Latest Replays
All Replays
Popular Replays
Top Player Replays
Match Explorer
How It Works
Community
CoH3 Stats
Reddit
Sign in to upload your games and track your stats! →
Sign in with Steam
Match 42428762
Unlisted
Match 42428762
Overview
Messages
Build Orders
End
Kradschützen Motorcycle Team
Panzergrenadier Squad
Panzergrenadier Squad
Construct Light Support Kompanie
MG34 Team
Fire Support Elements
Pak 38 Mechanized Group
Flakvierling Half-track
Pak 38 Anti-tank Gun Team
Construct Panzerarmee Kommand
Selects Italian Infantry
Selects Guastatori Squad
Selects L6/40 Light Tank Combat Group
Selects Towed Cannone da 105/28 Field Howitzer
Towed Cannone da 105/28 Field Howitzer
Saueee
Demi
lattouf
Deliri0us
0
0
Comments
sign in to comment!
No comments posted yet!